 Dungeon Crawl Stone Soup version 0.27-a0-789-g6bb3289e1e (webtiles) character file.

Game seed: 8503968705596196207

875 robertstho the Shooter (level 7, -6/61 HPs)
             Began as a Minotaur Hunter on Mar 26, 2021.
             Killed from afar by Dowan (10 damage)
             ... with a puff of frost
             ... on level 5 of the Dungeon.
             The game lasted 00:06:39 (5708 turns).

robertstho the Shooter (Minotaur Hunter)            Turns: 5708, Time: 00:06:40

Health: -6/61      AC:  6    Str: 18    XL:     7   Next: 74%
Magic:  6/6        EV: 12    Int:  8    God:
Gold:   420        SH:  0    Dex: 11    Spells: 6/6 levels left

rFire    . . .     SeeInvis .   a - +1 shortbow
rCold    . . .     Faith    .   (shield currently unavailable)
rNeg     . . .     Spirit   .   c - +0 leather armour
rPois    +         Reflect  .   (helmet restricted)
rElec    .         Harm     .   (no cloak)
rCorr    .         Rampage  .   k - +1 pair of gloves
Will     .....                  s - +0 pair of boots
Stlth    +.........             (no amulet)
HPRegen  0.20/turn              j - ring of poison resistance
MPRegen  0.10/turn              (no ring)

@: lethally poisoned (-6 -> -8)
A: horns 2, retaliatory headbutt
a: no special abilities


You were on level 5 of the Dungeon.
You visited 1 branch of the dungeon, and saw 5 of its levels.
You also visited: Ossuary.

You collected 420 gold pieces.

Inventory:

Hand Weapons
 a - a +1 shortbow (weapon)
 b - a +0 short sword
 l - a +0 whip of flaming
 m - a +1 hand axe of electrocution
Missiles
 w - 3 arrows (quivered ammo)
Armour
 c - a +0 leather armour (worn)
 k - a +1 pair of gloves (worn)
 s - a +0 pair of boots (worn)
Jewellery
 j - a ring of poison resistance (right hand)
Wands
 o - a wand of acid (3)
Scrolls
 g - 2 scrolls of teleportation {unknown}
 p - a scroll of noise {unknown}
 x - 2 scrolls of magic mapping {unknown}
 y - a scroll of summoning {unknown}
Potions
 d - a potion of ambrosia
 e - 5 potions of curing
 f - a potion of might
 h - a potion of berserk rage {unknown}
 i - a potion of brilliance {unknown}
 n - 3 potions of attraction {unknown}
 q - 3 potions of mutation {unknown}
 r - 3 potions of haste {unknown}
 t - a potion of heal wounds {unknown}
 u - a potion of lignification {unknown}
 v - a potion of flight {unknown}


   Skills:
 * Level 5.1 Fighting
 + Level 3.1 Short Blades
 + Level 2.2 Maces & Flails
 * Level 7.7 Bows
 * Level 3.7 Armour
 + Level 3.1 Dodging
 - Level 0.7 Stealth


You had 6 spell levels left.
You didn't know any spells.
Your spell library contained the following spells:

 Spells                   Type           Power      Damage    Failure   Level
 Animate Skeleton         Necr           0%         N/A       45%         1
 Apportation              Tloc           0%         N/A       45%         1
 Corona                   Hex            0%         N/A       45%         1
 Summon Small Mammal      Summ           0%         N/A       45%         1
 Ensorcelled Hibernation  Hex/Ice        0%         N/A       61%         2
 Confusing Touch          Hex            0%         N/A       83%         3
 Dazzling Flash           Conj/Hex       0%         N/A       83%         3
 Tukima's Dance           Hex            0%         N/A       83%         3


Dungeon Overview and Level Annotations

Branches:
Dungeon (5/15)            Ossuary (visited)
 Temple: D:4-7

Altars:
Trog

Annotations:
D:5 Dowan


Innate Abilities, Weirdness & Mutations

You have a pair of horns on your head.
You reflexively headbutt those who attack you in melee.


Message History

The scorpion is moderately wounded.
You shoot an arrow.
The arrow hits the scorpion but does no damage.
The scorpion is moderately wounded.
You shoot an arrow.
The arrow hits the scorpion but does no damage.
The scorpion is moderately wounded.
The scorpion stings you.
You are poisoned.
The scorpion poisons you!
You shoot an arrow. The arrow hits the scorpion.
The scorpion is moderately wounded.
You feel very sick. The scorpion stings you.
You are more poisoned.
The scorpion poisons you!
You shoot an arrow. The arrow closely misses the scorpion.
You feel extremely sick. The scorpion stings you.
You are more poisoned.
The scorpion poisons you!
You are too injured to fight recklessly!
You are too injured to fight recklessly!
You are too injured to fight recklessly!
You are too injured to fight recklessly!
* * * LOW HITPOINT WARNING * * *
You feel extremely sick. The scorpion stings you.
* * * LOW HITPOINT WARNING * * *
You feel sick.
Dowan mumbles some strange words.
Dowan blinks!
You feel sick. Dowan gestures at you while chanting.
The puff of frost hits you!
* * * LOW HITPOINT WARNING * * *
You feel sick.
Dowan points at you and mumbles some strange words.
The puff of frost hits you!
You die...

##.(.## #....#.# #...# ##
##..#### #.#.##.# ##.##
#. .#.....# #####.... .#
# #.#####. ...#.).#
#.>..(..#####.).#.......
..###..###<##
#((........#######.
#..#........###...##.....
#.
##.)..####..........e...#
#.
#####.####......s.......#
#. # #.##........@....##.
#. #.##.#............# #.
#.##.##.####.##<.... ##
#.......# #.# .#.#.
####.#### #.# ..... # ...
#... ... ## ...


You could see Dowan and a scorpion.

Vanquished Creatures
  Grinder (D:3)
  An ogre (D:5)
  A water moccasin zombie (D:5)
  A scorpion (D:4)
  A hound (D:4)
  A jelly (D:5)
  A bullfrog skeleton (D:2)
  An orc priest (D:5)
  Jessica (D:2)
  Natasha (D:2)
  An iguana (D:5)
  A hound skeleton (D:4)
  8 mummies (Ossuary)
  10 adders
  A howler monkey skeleton (D:5)
  An ufetubus (D:4)
  A worm (D:4)
  A dart slug (D:1)
  3 orcs
  3 ball pythons
  8 endoplasms
  2 giant cockroaches
  5 goblins
  3 hobgoblins
  8 jackals
  5 kobolds
  4 quokkas
  4 bats
  A frilled lizard (D:1)
  2 gnoll zombies (Ossuary)
  A hobgoblin zombie (Ossuary)
  2 kobold zombies (Ossuary)
  3 orc zombies (Ossuary)
  8 rats
96 creatures vanquished.

Notes
Turn   | Place    | Note
-------+----------+-------------------------------------------
     0 | D:1      | robertstho the Minotaur Hunter began the quest for the Orb.
     0 | D:1      | Reached XP level 1. HP: 18/18 MP: 0/0
   349 | D:1      | Reached XP level 2. HP: 25/25 MP: 1/1
   438 | D:1      | Reached skill level 5 in Bows
  1091 | D:2      | Reached XP level 3. HP: 18/30 MP: 2/2
  1502 | D:2      | Reached XP level 4. HP: 19/37 MP: 3/3
  1710 | D:2      | Reached skill level 6 in Bows
  1737 | D:2      | Noticed Jessica
  1741 | D:2      | Killed Jessica
  1742 | D:2      | Reached skill level 1 in Armour
  2065 | D:2      | Noticed Natasha
  2072 | D:2      | Killed Natasha
  2073 | D:2      | Reached XP level 5. HP: 37/45 MP: 4/4
  2562 | D:3      | Noticed Grinder
  3040 | D:4      | Found a sand-covered staircase.
  3050 | Ossuary  | Entered an ossuary
  3163 | Ossuary  | Reached XP level 6. HP: 43/52 MP: 5/5
  3177 | Ossuary  | Reached skill level 1 in Short Blades
  3659 | Ossuary  | Reached skill level 7 in Bows
  4559 | D:4      | Noticed a moth of wrath
  4562 | D:4      | Found a bloodstained altar of Trog.
  4990 | D:3      | Killed Grinder
  4991 | D:3      | Reached skill level 1 in Maces & Flails
  4991 | D:3      | Reached XP level 7. HP: 26/60 MP: 6/6
  5345 | D:5      | Entered Level 5 of the Dungeon
  5364 | D:5      | Reached skill level 5 in Fighting
  5697 | D:5      | Noticed Dowan
  5708 | D:5      | Killed from afar by Dowan

Illustrated notes

Levels and vault maps discovered:
D:1:      dpeg_arrival_arbitrary_c, layout_basic, kennysheep_pointless_box,
          roderic_serpentine_path
D:2:      layout_basic, uniq_jessica, uniq_natasha
D:3:      layout_basic, uniq_grinder
D:4:      layout_basic, tgw_trog, nicolae_ossuary_entry_monument,
          amcnicky_mini_rare_corridor_liquid
D:5:      layout_loops_cross, kennysheep_mini, minmay_strange_pillars,
          minmay_a_box_with_orc_wizards_in_it, uniq_duvessa

Skill      XL: |  1  2  3  4  5  6  7 |
---------------+----------------------+-----
Bows           | 5 6 7 |  7.7
Fighting       | 3 4 5 |  5.1
Armour         | 1 2 3 |  3.7
Short Blades   | 2 3 |  3.1
Maces & Flails | 1 2 |  2.2
Dodging        | 3 |  3.1
Stealth        | |  0.7

Action                   |  1- 3 |  4- 6 |  7- 9 || total
-------------------------+-------+-------+-------++-------
Melee: Short sword       |       |   104 |       ||   104
       Headbutt          |       |    28 |     5 ||    33
       Whip              |       |    34 |    19 ||    53
       Hand axe          |       |       |     1 ||     1
 Fire: Shortbow          |    78 |    43 |    35 ||   156
  Use: Scroll            |       |     5 |       ||     5
       Potion            |       |     1 |       ||     1
Armor: Leather armour    |     6 |    31 |     9 ||    46
Dodge: Dodged            |    21 |    63 |    19 ||   103

Table legend: (Time is in decaauts)
 A = Elapsed time spent in this place.
 B = Non-inter-level travel time spent in this place.
 C = Inter-level travel time spent in this place.
 D = Time resting spent in this place.
 E = Time spent auto-exploring this place.
 F = Levels seen in this place.
 G = Mean time per level.
                   A        B        C        D        E       F      G
               +--------+--------+--------+--------+--------+-----+--------+
         Total |   5713 |   5534 |    179 |    651 |   4102 |   6 |  952.2 |
       Dungeon |   4732 |   4553 |    179 |     59 |   3865 |   5 |  946.4 |
       Ossuary |    981 |    981 |      0 |    592 |    237 |   1 |  981.0 |
               +--------+--------+--------+--------+--------+-----+--------+

Top non-repeatable levels by time:
     D:2: 1325 daAuts
     D:4: 1264 daAuts
 Ossuary: 981 daAuts
     D:1: 957 daAuts
     D:3: 826 daAuts
     D:5: 359 daAuts
